 Dungeon Crawl Stone Soup version 0.18-a0-971-g0af6217 (webtiles) character file.

96 M4edhros the Sneak (level 4, -1/28 HPs)
             Began as an Octopode Artificer on Jan 2, 2016.
             Was an Initiate of Okawaru.
             Slain by a gnoll
             ... wielding a +0 club
              (8 damage)
             ... on level 3 of the Dungeon.
             The game lasted 00:07:32 (2120 turns).

M4edhros the Sneak (Octopode Artificer)             Turns: 2120, Time: 00:07:32

Health: -1/28      AC:  1    Str: 10    XL:     4   Next: 67%
Magic:  15/15      EV:  8    Int: 15    God:    Okawaru [......]
Gold:   120        SH:  0    Dex: 12    Spells: 0 memorised, 3 levels left

rFire  . . .     SeeInvis .     y - +1 short sword (freeze)
rCold  . . .     Gourm    .     (no shield)
rNeg   . . .     Faith    .     (helmet restricted)
rPois  .         Spirit   .     (no amulet)
rElec  .         Dismiss  .     (no ring)
rCorr  .         Reflect  .     o - ring of magical power
SustAt .         Harm     .     m - +2 ring of evasion
MR     .....                    (no ring)
Stlth  ++++......               (no ring)
                                (no ring)
                                (no ring)
                                (no ring)

@: held, not resistant to hostile enchantments, stealthy
A: almost no armour, amphibious, 8 rings, constrict 8, camouflage 1, gelatinous
body 1
a: Renounce Religion


You were on level 3 of the Dungeon.
You worshipped Okawaru.
Okawaru was noncommittal.
You were not hungry.

You visited 1 branch of the dungeon, and saw 3 of its levels.

You collected 120 gold pieces.

Inventory:

Hand Weapons
 a - a +0 short sword
 q - a +2 hunting sling of flaming
 y - a +1 short sword of freezing (weapon)
Missiles
 p - 60 stones (quivered)
 t - 12 sling bullets
Jewellery
 m - a +2 ring of evasion (on tentacle)
 o - a ring of magical power (right tentacle)
 r - an uncursed ring of ice
 u - an uncursed ring of ice
Wands
 b - a wand of flame (12/48)
 c - a wand of enslavement (10/24)
 d - a wand of random effects (14/48)
Scrolls
 g - 6 scrolls of identify {unknown}
 h - 5 scrolls of teleportation {unknown}
 k - a scroll of remove curse {unknown}
 l - a scroll of enchant armour {unknown}
 v - 2 scrolls of fog {unknown}
 A - a scroll of noise {unknown}
Potions
 e - a potion of heal wounds {unknown}
 i - a potion of curing {unknown}
 n - a potion of haste {unknown}
 s - a potion of agility {unknown}
 w - a potion of mutation {unknown}
 x - a potion of degeneration {unknown}
 z - a potion of cancellation {unknown}
Comestibles
 f - 4 bread rations
 j - a beef jerky
 B - a meat ration


   Skills:
 - Level 1.0 Fighting
 - Level 1.0 Short Blades
 * Level 0.8 Slings
 * Level 3.2 Dodging
 * Level 4.1 Stealth
 + Level 3.7 Evocations


You had 3 spell levels left.
You didn't know any spells.

Dungeon Overview and Level Annotations

Branches:
Dungeon (3/15)

Altars:
Okawaru


Innate Abilities, Weirdness & Mutations

You cannot wear most types of armour.
You are amphibious.
You can wear up to eight rings at the same time.
You can use your tentacles to constrict eight enemies at once.
Your skin changes colour to match your surroundings (Stealth).
Your rubbery body absorbs attacks (AC +1).


Message History

Press: ? - help, Shift-Dir - straight line, f - gnoll
Aim: a gnoll, wielding a spear (chance to defeat MR: 62%)
Okay, then.
Drink which item? (? for menu, Esc to quit)
Okay, then.
Evoke which item? (* to show all) (? for menu, Esc to quit)
Zapping:
c - a wand of enslavement (12/24)
Press: ? - help, Shift-Dir - straight line, f - gnoll
Aim: a gnoll, wielding a club (heavily wounded, chance to defeat MR: 62%)
The gnoll resists with significant effort.
This wand has 11 charges left.
The gnoll hits you with a club.
The gnoll hits you from afar with a spear.
* * * LOW HITPOINT WARNING * * *
Evoke which item? (* to show all) (? for menu, Esc to quit)
Zapping:
c - a wand of enslavement (11/24)
Press: ? - help, Shift-Dir - straight line, f - gnoll
Aim: a gnoll, wielding a club (heavily wounded, chance to defeat MR: 62%)
The gnoll resists with significant effort.
This wand has 10 charges left.
The gnoll hits you with a club!
You die...

## #...# #.#
.# #...###'##
.#.#
#...#....#
...#
#...#....#
#..#
#...#....#
#..#
#...#....#
#..#
####...#....#
#gg#
.......#....#
#g.#
...†######.##
#@.# ....#
#.#####..#
....#
#.......>#
....#
##########
...........
##########+


You could see 3 gnolls.

Vanquished Creatures
  An adder (D:2)
  An ooze (D:1)
  4 giant geckos
  An orc (D:3)
  7 bats
  4 giant cockroaches
  7 hobgoblins
  9 jackals
  10 kobolds
  3 quokkas
  15 giant newts
  7 goblins
  3 rats
  A plant (D:1)
73 creatures vanquished.

Vanquished Creatures (others)
  A gnoll (D:3)
  A jackal (D:2)
2 creatures vanquished.

Grand Total: 75 creatures vanquished

Notes
Turn   | Place    | Note
--------------------------------------------------------------
     0 | D:1      | M4edhros the Octopode Artificer began the quest for the Orb.
     0 | D:1      | Reached XP level 1. HP: 13/13 MP: 3/3
    72 | D:1      | Reached XP level 2. HP: 11/18 MP: 4/4
   558 | D:2      | Reached XP level 3. HP: 12/23 MP: 5/5
   936 | D:3      | Found an iron altar of Okawaru.
   944 | D:3      | Became a worshipper of Warmaster Okawaru
  1285 | D:1      | Reached XP level 4. HP: 25/28 MP: 6/6
  1790 | D:2      | Reached skill level 4 in Stealth
  2120 | D:3      | Slain by a gnoll

Vault maps used:
D:1:      tarquinn_simple_flora_water_b, minmay_lizard_king
D:2:      minmay_goblin_outpost
D:3:      okawaru_gym_becter, grunt_temple_overflow_diamond, first_bread

Action                   |  1- 3 |  4- 6 || total
-------------------------+-------+-------++-------
Melee: Short sword       |    83 |    49 ||   132
 Fire: Hunting sling     |     2 |    58 ||    60
Evoke: Wand              |     5 |     4 ||     9
 Stab: Sleeping          |     3 |       ||     3
       Distracted        |     1 |       ||     1
  Eat: Chunk             |     1 |     3 ||     4
